 Dungeon Crawl Stone Soup version 0.29-a0-416-g83a48905f1 (webtiles) character file.

Game seed: 4903526405506030357

3554 happo123 the Grappler (level 9, -8/130 HPs)
             Began as a Troll Berserker on May 16, 2022.
             Was a High Priest of Trog.
             Mangled by a gnoll sergeant
             ... wielding a +2 vampiric spear
              (9 damage)
             ... on level 8 of the Dungeon.
             The game lasted 00:24:19 (5728 turns).

happo123 the Grappler (Troll Berserker)             Turns: 5728, Time: 00:24:19

Health: -8/130     AC: 24    Str: 31    XL:     9   Next: 83%
Magic:  0/8        EV:  1    Int:  3    God:    Trog [*****.]
Gold:   222        SH:  0    Dex:  9    Spells: 8/8 levels left

rFire   . . .      SeeInvis .   A - +4 quarterstaff (chaos)
rCold   + . .      Faith    .   (shield currently unavailable)
rNeg    . . .      Spirit   +   (body armour currently unavailable)
rPois   +          Reflect  .   (helmet currently unavailable)
rElec   .          Harm     .   (cloak currently unavailable)
rCorr   .          Rampage  .   (gloves unavailable)
Will    .....      NoTele   +   (boots unavailable)
Stlth   ++........              k - amulet of guardian spirit
HPRegen 1.11/turn               t - ring of protection from cold
MPRegen 0.11/turn               E - ring of poison resistance

@: tree-form
A: stationary, stasis, torment immunity, boosted hp, large, unfitting armour,
(claws 3), regeneration 1, (shaggy fur 1), (tough skin 1), (hooves 1),
(iridescent scales 1)
a: Renounce Religion, Berserk, Trog's Hand, Brothers in Arms


You were on level 8 of the Dungeon.
You worshipped Trog.
Trog was extremely pleased with you.
You were a tree.
You visited 1 branch of the dungeon, and saw 8 of its levels.

You collected 516 gold pieces.
You spent 294 gold pieces at shops.

Inventory:

Hand Weapons
 A - a +4 quarterstaff of chaos (weapon)
Missiles
 H - 6 throwing nets (quivered)
Armour
 p - the +1 robe of Sin (melded) {+Inv rElec Dex+4}
   (You found it on level 3 of the Dungeon)

   Dex:       It affects your dexterity (+4).
   rElec:     It insulates you from electricity.
   +Inv:      It lets you turn invisible.
 B - a +2 cloak (melded)
 J - a scarf of resistance
 K - a scarf of repulsion
Jewellery
 k - an amulet of guardian spirit (around neck)
 t - a ring of protection from cold (left branch)
 y - an amulet of faith
 E - a ring of poison resistance (right branch)
 M - a ring of positive energy
Wands
 q - a wand of flame (11)
 r - a wand of paralysis (6)
 z - a wand of digging (5)
Scrolls
 b - 5 scrolls of teleportation
 c - a scroll of torment {unknown}
 h - 2 scrolls of identify
 i - a scroll of blinking {unknown}
 j - 4 scrolls of enchant weapon
 l - 3 scrolls of fog
 n - a scroll of summoning {unknown}
 o - 2 scrolls of enchant armour
 s - 2 scrolls of noise {unknown}
 v - 2 scrolls of amnesia {unknown}
 w - 3 scrolls of poison
 D - a scroll of fear {unknown}
 G - 2 scrolls of immolation {unknown}
 I - a scroll of brand weapon {unknown}
 L - a scroll of magic mapping {unknown}
Potions
 a - a potion of magic {unknown}
 d - 2 potions of heal wounds {unknown}
 e - 4 potions of degeneration
 f - 5 potions of curing
 g - 2 potions of invisibility
 m - 2 potions of lignification
 u - a potion of flight {unknown}
 x - a potion of ambrosia {unknown}
 C - a potion of mutation
 F - 2 potions of cancellation {unknown}


   Skills:
 + Level 4.9 Fighting
 + Level 5.0 Staves
 + Level 6.2 Dodging
 + Level 2.2 Stealth
 + Level 9.0 Unarmed Combat


You had 8 spell levels left.
You didn't know any spells.
Your spell library was empty.

Dungeon Overview and Level Annotations

Branches:
Dungeon (8/15)             Temple (0/1) D:7
   Lair: D:8-11

Altars:
Fedhas
Hepliaklqana
Kikubaaqudgha
Ru
Sif Muna
Vehumet
Wu Jian

Shops:
D:1 !   D:6 ?


Innate Abilities, Weirdness & Mutations

You are a tree.
Your roots penetrate the ground, keeping you stationary.
You cannot be teleported.
You are immune to unholy pain and torment.
Your maximum health is greatly increased.
Your equipment is partially melded.
You are too large for most types of armour.
((You have claws for hands.))
Your natural rate of healing is unusually fast.
((You are covered in fur. (AC +1)))
((You have tough skin. (AC +1)))
((You have large cloven feet.))
((You are partially covered in iridescent scales. (AC +2)))


Message History

The steam dragon is heavily wounded.
The steam dragon bites you! The steam dragon claws you. Something hits you!
You hit the steam dragon. You freeze the steam dragon.
The steam dragon is severely wounded.
Something hits you. The steam dragon breathes steam at you.
The ball of steam hits you!
* * * LOW HITPOINT WARNING * * *
You closely miss the steam dragon.
The steam dragon is severely wounded.
You are engulfed in a cloud of scalding steam.
Something hits you!
* * * LOW HITPOINT WARNING * * *
The steam dragon bites you!
* * * LOW HITPOINT WARNING * * *
The steam dragon closely misses you.
You hit the steam dragon. You burn the steam dragon. You kick the steam dragon.
The steam dragon is almost dead.
You are engulfed in a cloud of scalding steam.
* * * LOW HITPOINT WARNING * * *
The steam dragon barely misses you. The steam dragon closely misses you.
Something hits you.
* * * LOW HITPOINT WARNING * * *
You turn into a tree.
Your +2 cloak melds into your body.
The +1 robe of Sin {+Inv rElec Dex+4} melds into your body.
Your roots penetrate the ground.
You are engulfed in a cloud of scalding steam.
Something hits you.
* * * LOW HITPOINT WARNING * * *
The steam dragon bites you but does no damage.
The steam dragon claws you but does no damage.
You hit the steam dragon. You burn the steam dragon.
The steam dragon is almost dead.
Something hits you.
* * * LOW HITPOINT WARNING * * *
The steam dragon bites you.
* * * LOW HITPOINT WARNING * * *
The steam dragon claws you but does no damage.
Something hits you!
You die...

######..........#
#...............#
........#####+###
...............#
.##########.#..#
........#..##
######......#####...
#......{Dg.....
#.##...♣#.#.... #.
#.#### # . .. #.#
... #.# .... #..
..... ..# #..


You could see a steam dragon and a gnoll.

Vanquished Creatures
  The ghost of royokou the Changer, an amateur TrTm (D:4)
  3 water moccasins
  An orc warrior (D:7)
  4 sky beasts
  2 black bears
  An ice beast (D:7)
  3 ogres
  2 phantoms
  A wolf (D:7)
  3 necrophages
  4 gnoll sergeants (D:7)
  A scorpion (D:4)
  10 hounds
  2 jellies (D:7)
  6 orc priests
  Crazy Yiuf (D:6)
  4 gnoll shamans
  3 iguanas
  6 orc wizards
  30 gnolls
  3 adders
  A white imp (D:6)
  An ufetubus (D:5)
  3 worms
  2 dart slugs
  32 orcs
  7 ball pythons
  5 bats (D:1)
  6 endoplasms
  3 giant cockroaches
  10 goblins
  6 hobgoblins
  13 jackals
  2 quokkas
  4 frilled lizards
  8 kobolds
  7 rats
201 creatures vanquished.

Vanquished Creatures (others)
  3 plants (D:1)
3 creatures vanquished.

Grand Total: 204 creatures vanquished

Notes
Turn   | Place    | Note
-------+----------+-------------------------------------------
     0 | D:1      | happo123 the Troll Berserker began the quest for the Orb.
     0 | D:1      | Reached XP level 1. HP: 22/22 MP: 0/0
   103 | D:1      | Reached XP level 2. HP: 28/29 MP: 1/1
   158 | D:1      | Found Soof Ofar's Distillery.
   206 | D:1      | Found a faded altar of an unknown god.
   241 | D:1      | Reached ** piety under Trog
   267 | D:1      | Reached XP level 3. HP: 34/35 MP: 2/2
   490 | D:1      | Bought a potion of mutation for 80 gold pieces
   490 | D:1      | Gained mutation: You have large cloven feet. [potion of
                  | mutation]
   490 | D:1      | Gained mutation: You are partially covered in iridescent
                  | scales. (AC +2) [potion of mutation]
   937 | D:2      | Found a hazy altar of Hepliaklqana.
   948 | D:2      | Noticed a necrophage
   953 | D:2      | Killed a necrophage
   954 | D:2      | Reached skill level 4 in Unarmed Combat
   954 | D:2      | Reached XP level 4. HP: 45/45 MP: 3/3
  1472 | D:1      | Bought a potion of curing for 30 gold pieces
  1472 | D:1      | Bought a potion of invisibility for 80 gold pieces
  1575 | D:3      | Identified the +1 robe of Sin {+Inv rElec Dex+4}
  1640 | D:3      | Found a radiant altar of Vehumet.
  1760 | D:3      | Reached XP level 5. HP: 53/53 MP: 4/4
  1812 | D:3      | Found a shimmering blue altar of Sif Muna.
  1913 | D:3      | Identified the +3 leather armour of Oneluu {Contam rPois
                  | rN+ Stlth+}
  1930 | D:3      | Reached *** piety under Trog
  2290 | D:4      | Found an ancient bone altar of Kikubaaqudgha.
  2444 | D:4      | Reached skill level 5 in Unarmed Combat
  2455 | D:4      | Reached XP level 6. HP: 52/61 MP: 3/5
  2505 | D:4      | Noticed a water moccasin
  2515 | D:4      | Killed a water moccasin
  2516 | D:4      | Reached skill level 6 in Unarmed Combat
  2517 | D:4      | Reached XP level 7. HP: 67/67 MP: 6/6
  2600 | D:4      | Reached skill level 1 in Stealth
  2781 | D:4      | Found a blossoming altar of Fedhas.
  2898 | D:4      | Found a runed translucent door.
  2899 | D:4      | Noticed royokou's ghost (amateur TrTm)
  2919 | D:4      | Killed royokou's ghost
  2920 | D:4      | Reached skill level 7 in Unarmed Combat
  3064 | D:5      | Entered Level 5 of the Dungeon
  3210 | D:5      | Reached XP level 8. HP: 75/75 MP: 7/7
  3233 | D:5      | Reached **** piety under Trog
  3398 | D:5      | Reached skill level 8 in Unarmed Combat
  3604 | D:5      | Reached skill level 5 in Dodging
  3788 | D:6      | Noticed Crazy Yiuf
  3788 | D:6      | Found a runed translucent door.
  3790 | D:6      | Killed Crazy Yiuf
  4105 | D:6      | Reached skill level 1 in Staves
  4339 | D:6      | Found Sefritua's Magic Scroll Boutique.
  4352 | D:6      | Bought a scroll of identify for 22 gold pieces
  4352 | D:6      | Bought a scroll of enchant armour for 82 gold pieces
  4455 | D:6      | Reached skill level 9 in Unarmed Combat
  4560 | D:7      | Reached XP level 9. HP: 84/84 MP: 6/8
  5048 | D:7      | Reached ***** piety under Trog
  5105 | D:7      | Found a staircase to the Ecumenical Temple.
  5231 | D:7      | Found an ornate altar of the Wu Jian Council.
  5483 | D:7      | Found a sacrificial altar of Ru.
  5712 | D:8      | Reached skill level 5 in Staves
  5726 | D:8      | HP: 4/87 [something (4)]
  5728 | D:8      | HP: 1/130 [steam dragon (1)]
  5728 | D:8      | Mangled by a gnoll sergeant

Illustrated notes

Levels and vault maps discovered:
D:1:      ncdulo_smallfort, layout_basic, serial_shops, shop,
          ebering_ecumenical_altar_box, minivault_24, dreamdust_wishing_well,
          serial_bayou_lagoon_a
D:2:      layout_loops_corners, basic_altar, minivault_5, dk_vineyard_2,
          kennysheep_generic_room_16
D:3:      layout_basic, vehumet_altar_wand_db, lemuel_coloured_pillars_altar
D:4:      layout_loops_ring, mainiacjoe_overflow_24_doors,
          general_overflow_altar, gammafunk_ghost_grave
D:5:      layout_gridville, kennysheep_generic_room_3
D:6:      layout_basic, serial_shops, nicolae_lakefront_shop,
          uniq_crazy_yiuf_cottage
D:7:      layout_cave_pools, lemuel_tele_altar, nicolae_ru_the_path_less_chosen,
          minmay_temple_entry_hall, serial_gnoll_camp, gnoll_camp_medium_01,
          gnoll_camp_mini_basic, gnoll_camp_huts_basic,
          gnoll_camp_mini_sergeant, minmay_misc_feat_five,
          kennysheep_cross_bottleneck
D:8:      layout_basic, nicolae_yredelemnul_corpse_copse, uniq_erica

Skill      XL: |  1  2  3  4  5  6  7  8  9 |
---------------+----------------------------+-----
Fighting       | 3 4 |  4.9
Dodging        | 3 4 5 6 |  6.2
Unarmed Combat | 4 5 6 7 9 |  9.0
Stealth        | 1 2 |  2.2
Staves         | 2 5 |  5.0

Action                   |  1- 3 |  4- 6 |  7- 9 || total
-------------------------+-------+-------+-------++-------
Melee: Unarmed           |    89 |   113 |    99 ||   301
       Punch             |     1 |       |     2 ||     3
       Kick              |     3 |    24 |    71 ||    98
       Quarterstaff      |       |       |   219 ||   219
Invok: Berserk           |     1 |     1 |     4 ||     6
  Use: Potion            |     1 |       |     1 ||     2
       Scroll            |       |       |     6 ||     6
 Stab: Sleeping          |       |     1 |     5 ||     6
Armor: Animal skin       |    41 |     5 |       ||    46
       Robe              |       |    40 |   141 ||   181
       Skin              |       |       |     4 ||     4
Dodge: Dodged            |    65 |    57 |   227 ||   349

Table legend: (Time is in decaauts)
 A = Elapsed time spent in this place.
 B = Non-inter-level travel time spent in this place.
 C = Inter-level travel time spent in this place.
 D = Time resting spent in this place.
 E = Time spent auto-exploring this place.
 F = Levels seen in this place.
 G = Mean time per level.
                   A        B        C        D        E       F      G
               +--------+--------+--------+--------+--------+-----+--------+
         Total |   5785 |   4982 |    803 |      6 |   3735 |   8 |  723.1 |
       Dungeon |   5785 |   4982 |    803 |      6 |   3735 |   8 |  723.1 |
               +--------+--------+--------+--------+--------+-----+--------+

Top non-repeatable levels by time:
     D:7: 1177 daAuts
     D:2: 1005 daAuts
     D:4: 890 daAuts
     D:6: 752 daAuts
     D:5: 716 daAuts
     D:3: 648 daAuts
     D:1: 544 daAuts
     D:8: 50 daAuts
